 Dungeon Crawl Stone Soup version 0.30.1-11-g7821555f0a (webtiles) character file.

Game seed: 5280771933502441231

432 lonewolfV2 the Trooper (level 6, -2/58 HPs)
             Began as a Minotaur Fighter on Nov 14, 2023.
             Slain by Eustachio
             ... wielding a +0 rapier
              (4 damage)
             ... on level 4 of the Dungeon.
             The game lasted 00:03:41 (3147 turns).

lonewolfV2 the Trooper (Minotaur Fighter)           Turns: 3147, Time: 00:03:42

Health: -2/58      AC:  6    Str: 20    XL:     6   Next: 67%
Magic:  5/5        EV:  9    Int:  5    God:
Gold:   129        SH:  5    Dex: 12    Spells: 5/5 levels left

rFire   . . .        a - +1 war axe
rCold   . . .        c - +0 buckler
rNeg    . . .        b - +0 scale mail
rPois   .            (helmet restricted)
rElec   .            (no cloak)
rCorr   .            (no gloves)
SInv    .            (no boots)
Will    .....        (no amulet) Stlth
                     (no ring)
HPRegen 0.29/turn    (no ring)
MPRegen 0.09/turn

%: no passive effects
@: flying
A: horns 2, retaliatory headbutt
a: no special abilities


You were on level 4 of the Dungeon.
You visited 1 branch of the dungeon, and saw 4 of its levels.

You collected 129 gold pieces.

Inventory:

Hand Weapons
 a - a +1 war axe (weapon)
Armour
 b - a +0 scale mail (worn)
 c - a +0 buckler (worn)
Jewellery
 e - a ring of see invisible
 n - a +4 ring of slaying
Wands
 k - a wand of roots (6)
 p - a wand of polymorph (2)
Scrolls
 i - 3 scrolls of noise
 l - 2 scrolls of fog
Potions
 d - a potion of might
 f - 5 potions of haste {unknown}
 g - 2 potions of invisibility {unknown}
 h - a potion of heal wounds {unknown}
 j - a potion of curing {unknown}
 m - a potion of flight


   Skills:
 + Level 6.9 Fighting
 - Level 2.4 Axes
 - Level 3.6 Armour
 + Level 6.9 Shields


You had 5 spell levels left.
You didn't know any spells.
Your spell library contained the following spells:

 Spells                   Type           Power      Damage    Failure   Level
 Kiss of Death            Conj/Necr      0%         2d5       87%         1
 Confusing Touch          Hex            0%         N/A       99%         3
 Dispel Undead            Necr           0%         3d6       100%        4


Dungeon Overview and Level Annotations

Branches:
Dungeon (4/15)
 Temple: D:4-7

Altars:
Hepliaklqana

Annotations:
D:4 Eustachio


Innate Abilities, Weirdness & Mutations

You have a pair of horns on your head.
You reflexively headbutt those who attack you in melee.


Message History

You completely miss the white imp. The white imp gestures at you.
The puff of frost hits you. The quasit barely misses you.
You furiously retaliate!
You headbutt the quasit!
You kill the quasit!
The quasit disappears in a puff of smoke!
Eustachio growls, "To hell with you, honourless miscreant!"
The white imp gestures at you. You block the puff of frost.
You barely miss Eustachio.
Eustachio is lightly wounded.
You hit the white imp.
Eustachio gestures wildly while chanting.
Eustachio blinks!
The white imp grinds its teeth.
The white imp closely misses you.
The white imp shouts, "Scamper hence, thou warped clay-brained blabberskite!"
The white imp hits you. The white imp freezes you.
The white imp gestures at you. The puff of frost hits you!
* * * LOW HITPOINT WARNING * * *
You hit Eustachio.
You headbutt Eustachio, but do no damage.
Eustachio is lightly wounded.
You hit the white imp but do no damage. The white imp gestures at you.
The puff of frost hits you.
* * * LOW HITPOINT WARNING * * *
Eustachio hits you with a +0 rapier!
* * * LOW HITPOINT WARNING * * *
The white imp gestures at you. The puff of frost misses you.
You hit Eustachio.
Eustachio is lightly wounded.
You hit the white imp.
Eustachio casts a spell.
It was a potion of flight.
You feel very buoyant.
You fly up into the air.
Eustachio hits you with a +0 rapier.
You die...

..#......###..#
#.#.......#...#
##.#......###..##
.#.#(....##
##..##
..........#
#....##
(.†......##
##....##
#.#.....##
##5..5###
#.#<)..##
##5....#
#.#)....#
#.@@.#.#
#..>...##
##(..#..#
......## ##..#
.$. .....## #.# #
.)..## ## .....#
......# .......#
#.......#


You could see Eustachio, a crimson imp (summoned) and 2 white imps.

Vanquished Creatures
  Sigmund (D:2)
  An ogre (D:4)
  A jelly (D:4)
  7 adders
  A worm (D:2)
  2 dart slugs (D:3)
  3 orcs
  9 bats
  2 endoplasms (D:2)
  A giant cockroach (D:1)
  5 goblins
  9 hobgoblins
  3 jackals (D:2)
  5 kobolds
  2 quokkas (D:1)
  8 ball pythons
  5 frilled lizards
  7 rats
72 creatures vanquished.

Notes
Turn   | Place    | Note
-------+----------+-------------------------------------------
     0 | D:1      | lonewolfV2 the Minotaur Fighter began the quest for the
                  | Orb.
     0 | D:1      | Reached XP level 1. HP: 19/19 MP: 0/0
   142 | D:1      | Reached XP level 2. HP: 26/27 MP: 1/1
   570 | D:1      | Reached XP level 3. HP: 34/34 MP: 2/2
  1348 | D:2      | Reached skill level 5 in Fighting
  1348 | D:2      | Reached skill level 5 in Shields
  1348 | D:2      | Reached XP level 4. HP: 35/42 MP: 3/3
  1540 | D:2      | Noticed Sigmund
  1565 | D:2      | Killed Sigmund
  1566 | D:2      | Reached XP level 5. HP: 38/50 MP: 4/4
  2381 | D:3      | Reached XP level 6. HP: 57/57 MP: 5/5
  2417 | D:3      | Found a hazy altar of Hepliaklqana.
  2757 | D:3      | Found a faded altar of an unknown god.
  3135 | D:4      | Noticed Eustachio
  3145 | D:4      | HP: 2/58 [Eustachio/+0 rapier (8)]
  3147 | D:4      | Slain by Eustachio

Illustrated notes

Levels and vault maps discovered:
D:1:      dpeg_arrival_central, layout_basic, st_stairs_14,
          chequers_serial_rivers_large_b, minmay_liquid_box
D:2:      layout_basic, dk_noncrumbling_4, uniq_sigmund
D:3:      layout_loops_ring, old_standard_altar,
          shapermc_ecumenical_altar_pompeii
D:4:      layout_rooms, nicolae_figureground_pulse, uniq_eustachio

Skill      XL: |  1  2  3  4 |
---------------+-------------+-----
Fighting       | 4 5 6 |  6.9
Shields        | 4 5 6 |  6.9
Axes           | |  2.4
Armour         | |  3.6

Action                     |  1- 3 |  4- 6 || total
---------------------------+-------+-------++-------
  Melee: War axe           |    84 |    49 ||   133
         Headbutt          |     5 |     9 ||    14
         Unarmed           |       |     8 ||     8
    Use: Scroll            |     3 |     5 ||     8
         Potion            |       |     1 ||     1
 Armour: Scale mail        |    70 |    28 ||    98
         Skin              |       |     2 ||     2
  Dodge: Dodged            |    49 |    40 ||    89
  Block: Buckler           |    33 |    14 ||    47
